 Dungeon Crawl Stone Soup version 0.19.5 (webtiles) character file.

2604 Kosschaser the Covert (level 9, -4/55 HPs)
             Began as a Kobold Assassin on Mar 4, 2017.
             Was a Believer of Dithmenos.
             Killed by divine providence
             ... invoked by an orc priest
              (13 damage)
             ... on level 6 of the Dungeon on Mar 17, 2017.
             The game lasted 00:36:17 (9093 turns).

Kosschaser the Covert (Kobold Assassin)             Turns: 9093, Time: 00:36:18

Health: -4/55      AC:  5    Str:  8    XL:     9   Next: 90%
Magic:  9/9        EV: 19    Int: 12    God:    Dithmenos [**....]
Gold:   407        SH:  0    Dex: 20    Spells: 0 memorised, 8 levels left

rFire  + . .     SeeInvis +     A - +2 dagger (venom)
rCold  . . .     Gourm    .     h - +1 robe {rF+}
rNeg   . . .     Faith    .     (shield restricted)
rPois  .         Spirit   .     v - +0 helmet
rElec  .         Reflect  .     d - +0 cloak
rCorr  .         Harm     .     (no gloves)
MR     .....                    (no boots)
Stlth  ++++++....               (no amulet)
                                (no ring)
                                u - ring of see invisible

@: wreathed by umbra, drained
A: carnivore 3
a: Shadow Step, Renounce Religion


You were on level 6 of the Dungeon.
You worshipped Dithmenos.
Dithmenos was pleased with you.
You were full.

You visited 2 branches of the dungeon, and saw 8 of its levels.

You collected 407 gold pieces.

Inventory:

Hand Weapons
 b - a +0 blowgun
 z - a +0 arbalest
 A - a +2 dagger of venom (weapon)
 E - a +0 short sword of draining
Missiles
 e - 16 poisoned needles
 f - a curare-tipped needle
 r - 4 tomahawks of dispersal
 B - 29 bolts
 D - 2 throwing nets (quivered)
 I - 3 tomahawks of returning
Armour
 d - a +0 cloak (worn)
 h - a +1 robe of fire resistance (worn)
 v - a +0 helmet (worn)
Jewellery
 u - a ring of see invisible (left hand)
 K - a cursed -2 ring of evasion {unknown}
Wands
 H - a wand of iceblast (7/15)
Scrolls
 a - a scroll of noise {unknown}
 c - a scroll of fear {unknown}
 i - 3 scrolls of identify {unknown}
 l - 2 scrolls of magic mapping {unknown}
 m - a scroll of enchant weapon {unknown}
 o - 2 scrolls of immolation {unknown}
 w - 2 scrolls of recharging {unknown}
 y - a scroll of fog {unknown}
 C - 2 scrolls of remove curse {unknown}
 F - a scroll of teleportation {unknown}
 J - a scroll of amnesia {unknown}
Potions
 j - a potion of might {unknown}
 n - 2 potions of lignification {unknown}
 s - a potion of haste {unknown}
 t - a potion of brilliance {unknown}
 x - a potion of invisibility {unknown}
 G - a potion of ambrosia {unknown}
Comestibles
 g - 5 meat rations
 k - a beef jerky
 p - a slice of pizza
 q - 3 royal jellies


   Skills:
 + Level 6.2(5.3) Fighting
 + Level 9.0(8.0) Short Blades
 + Level 3.6(2.8) Crossbows
 - Level 2.1(1.3) Throwing
 + Level 6.4(5.5) Dodging
 + Level 11.2(10.1) Stealth


You had 8 spell levels left.
You didn't know any spells.

Dungeon Overview and Level Annotations

Branches:
Dungeon (7/15)             Temple (1/1) D:5

Altars:
Ashenzari
Cheibriados
Dithmenos
Elyvilon
Fedhas
Gozag
Hepliaklqana
Kikubaaqudgha
Makhleb
Nemelex Xobeh
Qazlal
Sif Muna
Trog
Uskayaw
Vehumet
Xom
Zin
The Shining One
Lugonu

Annotations:
D:3 Darkins's ghost, amateur HuFi


Innate Abilities, Weirdness & Mutations

You are small and have problems with some larger weapons.
You are carnivorous and can eat meat at any time.


Message History

You hit the crimson imp but do no damage.
The crimson imp is poisoned.
The crimson imp is moderately wounded.
The crimson imp misses you.
You barely miss the crimson imp.
The crimson imp is moderately wounded.
The orc priest invokes the aid of Beogh against you.
Beogh smites you!
You hit the crimson imp.
The crimson imp is moderately wounded.
The crimson imp closely misses you.
The orc priest mumbles some strange prayers to Beogh against you.
Beogh smites you!
The orc priest calls down the wrath of Beogh upon you.
Beogh smites you!
* * * LOW HITPOINT WARNING * * *
The orc priest begins to cast a cantrip, but forgets the words!
The orc priest invokes the aid of Beogh against you.
Beogh smites you!
You die...

#####.# #......#.# #.# #.....#
#....%.#.####.# ###.#...#
#......#......# ### ....#..##
#..<)......#######..
#####..#########.##..........##..
## #............#.......###.##..
.# ###.###..#^.###.......# #.....
.# #...##...#....#.......# #####.
.###.#.........#@#...##### #.
.....#....#....#5#.### #.
..###########..#o#...# #. #.#
...........#.#.#.# #. ..#
########.(>#Y#.#.# #. ###
#...oo....# #. #..)#5##### #.
##.:.((#<#.#.#. ## #+
#.####.รท..5...


You could see a sky beast, an orc priest, a crimson imp, a shadow imp and 2
orcs.

Vanquished Creatures
  Pikel (D:3)
  Prince Ribbit (D:6)
  A hippogriff (D:6)
  Eustachio (D:4)
  Edmund (D:4)
  Duvessa (D:5)
  A slave (D:4)
  4 ogres
  Blork the orc (D:6)
  2 scorpions
  Dowan (D:6)
  2 crimson imps
  A howler monkey (D:4)
  A bullfrog skeleton (D:4)
  3 orc priests
  7 orc wizards
  5 worker ants
  A hound skeleton (D:4)
  Robin (D:3)
  A howler monkey skeleton (D:4)
  10 gnolls
  9 adders
  2 shadow imps (D:5)
  An ooze (D:3)
  An adder skeleton (D:4)
  3 worms
  A dart slug (D:4)
  3 leopard geckos
  18 orcs
  8 bats
  4 giant cockroaches
  22 goblins
  19 hobgoblins
  7 jackals
  23 kobolds
  3 quokkas
  5 frilled lizards
  A leopard gecko zombie (D:5)
  8 rats
185 creatures vanquished.

Vanquished Creatures (others)
  A hobgoblin (D:4)
1 creature vanquished.

Grand Total: 186 creatures vanquished

Notes
Turn   | Place    | Note
-------+----------+-------------------------------------------
     0 | D:1      | Kosschaser the Kobold Assassin began the quest for the Orb.
     0 | D:1      | Reached XP level 1. HP: 12/12 MP: 1/1
    86 | D:1      | Reached XP level 2. HP: 18/18 MP: 2/2
   355 | D:1      | Reached skill level 6 in Stealth
   355 | D:1      | Reached XP level 3. HP: 22/22 MP: 3/3
   820 | D:2      | Found a shattered altar of Ashenzari.
  1173 | D:2      | Reached XP level 4. HP: 14/27 MP: 4/4
  1377 | D:2      | Found a shimmering altar of Xom.
  1786 | D:3      | Noticed Robin
  1901 | D:4      | Found a bloodstained altar of Trog.
  1903 | D:4      | Noticed Eustachio
  1905 | D:4      | Killed Eustachio
  1905 | D:4      | Reached skill level 7 in Stealth
  1905 | D:4      | Reached XP level 5. HP: 32/32 MP: 5/5
  1905 | D:4      | Reached XP level 6. HP: 37/37 MP: 6/6
  2814 | D:4      | Reached skill level 8 in Stealth
  2824 | D:4      | Found a snail-covered altar of Cheibriados.
  2890 | D:4      | Noticed a slave
  2895 | D:4      | Noticed Pikel
  2895 | D:4      | Noticed a slave
  2895 | D:4      | Noticed a slave
  2896 | D:4      | Noticed Edmund
  2896 | D:4      | Noticed a slave
  3118 | D:3      | Killed Robin
  3204 | D:3      | Noticed Darkins's ghost (amateur HuFi)
  3334 | D:3      | Reached skill level 5 in Short Blades
  3450 | D:3      | Noticed an ogre
  3469 | D:3      | Killed an ogre
  3469 | D:3      | Reached XP level 7. HP: 38/41 MP: 7/7
  3905 | D:4      | Killed Edmund
  3963 | D:4      | Reached skill level 9 in Stealth
  3980 | D:4      | Reached XP level 8. HP: 44/48 MP: 8/8
  4287 | D:3      | Killed Pikel
  4287 | D:3      | Reached skill level 5 in Fighting
  4870 | D:3      | Found a deep blue altar of Sif Muna.
  5014 | D:4      | Reached skill level 5 in Dodging
  5429 | D:5      | Entered Level 5 of the Dungeon
  5436 | D:5      | Found a staircase to the Ecumenical Temple.
  5449 | Temple   | Entered the Ecumenical Temple
  5477 | Temple   | Became a worshipper of Dithmenos the Shadowed
  5518 | D:5      | Found a hide-covered altar of Uskayaw.
  5575 | D:5      | HP: 2/49 [shadow imp/nerve-wracking pain (6)]
  6613 | D:5      | Reached XP level 9. HP: 54/54 MP: 9/9
  6881 | D:4      | Reached skill level 1 in Crossbows
  7159 | D:5      | Reached * piety under Dithmenos
  7318 | D:5      | Reached skill level 10 in Stealth
  7332 | D:5      | Found a sparkling altar of Nemelex Xobeh.
  7758 | D:5      | Found a deep blue altar of Sif Muna.
  7894 | D:5      | Found a burning altar of Makhleb.
  7894 | D:5      | Found a hazy altar of Hepliaklqana.
  7933 | D:6      | Noticed Prince Ribbit
  7985 | D:6      | Killed Prince Ribbit
  7985 | D:6      | Reached ** piety under Dithmenos
  8002 | D:6      | Found a bloodstained altar of Trog.
  8193 | D:6      | Noticed Dowan
  8210 | D:6      | Killed Dowan
  8214 | D:6      | Noticed Duvessa
  8248 | D:5      | Killed Duvessa
  8248 | D:5      | Reached skill level 11 in Stealth
  8495 | D:6      | Found an ancient bone altar of Kikubaaqudgha.
  8546 | D:6      | Noticed Blork the orc
  8566 | D:6      | Killed Blork the orc
  8638 | D:6      | Noticed a hippogriff
  8642 | D:6      | Killed a hippogriff
  9093 | D:6      | Killed from afar by an orc priest

Skill      XL: |  1  2  3  4  5  6  7  8  9 |
---------------+----------------------------+-----
Short Blades   | 3 4 5 6 8 9 |  9.0
Stealth        | 6 7 8 9 11 | 11.2
Fighting       | 3 4 5 6 |  6.2
Dodging        | 2 3 4 5 6 |  6.4
Crossbows      | 3 |  3.6
Throwing       | |  2.1

Action                   |  1- 3 |  4- 6 |  7- 9 || total
-------------------------+-------+-------+-------++-------
Melee: Dagger            |   135 |   200 |   541 ||   876
       Short sword       |       |       |    27 ||    27
 Fire: Blowgun           |     4 |    24 |    26 ||    54
       Arbalest          |       |       |    36 ||    36
  Use: Potion            |       |     1 |     2 ||     3
 Stab: Sleeping          |     7 |    10 |    28 ||    45
  Eat: Chunk             |     9 |     8 |    14 ||    31
Armor: Robe              |    31 |    30 |    55 ||   116
Dodge: Dodged            |    98 |   135 |   294 ||   527
